 Dungeon Crawl Stone Soup version 0.28-a0-1524-ge72afd5fc6 (webtiles) character file.

Game seed: 11578168403068378843

415 HallandMoats the Skirmisher (level 6, -10/56 HPs)
             Began as a Ghoul Fighter on Jan 17, 2022.
             Was a Follower of Fedhas.
             Mangled by an ogre (20 damage)
             ... on level 4 of the Dungeon on Jan 18, 2022.
             The game lasted 00:03:35 (3263 turns).

HallandMoats the Skirmisher (Ghoul Fighter)         Turns: 3263, Time: 00:03:36

Health: -10/56     AC:  9    Str: 20    XL:     6   Next: 91%
Magic:  5/5        EV:  9    Int:  5    God:    Fedhas [*.....]
Gold:   154        SH:  4    Dex:  8    Spells: 5/5 levels left

rFire   . . .      SeeInvis .   a - +0 whip
rCold   + . .      Faith    .   c - +0 buckler
rNeg    + + +      Spirit   .   b - +0 scale mail
rPois   ∞          Reflect  .   f - +0 helmet
rElec   .          Harm     .   p - +0 cloak
rCorr   .          Rampage  .   (no gloves)
Will    .....                   (no boots)
Stlth   ..........              (no amulet)
HPRegen 0.00/turn               (no ring)
MPRegen 0.09/turn               (no ring)

@: mighty, inhibited regen
A: claws 1, cold resistance 1, negative energy resistance 3, inhibited
regeneration, torment resistance 2
a: Renounce Religion


You were on level 4 of the Dungeon.
You worshipped Fedhas.
Fedhas was aware of your devotion.
You visited 1 branch of the dungeon, and saw 4 of its levels.

You collected 154 gold pieces.

Inventory:

Hand Weapons
 a - a +0 whip (weapon)
Armour
 b - a +0 scale mail (worn)
 c - a +0 buckler (worn)
 f - a +0 helmet (worn)
 p - a +0 cloak (worn)
Jewellery
 q - a ring of wizardry
Scrolls
 g - a scroll of blinking {unknown}
 h - 2 scrolls of enchant armour {unknown}
 j - a scroll of holy word {unknown}
 k - a scroll of fog {unknown}
 l - 3 scrolls of identify {unknown}
 m - a scroll of immolation {unknown}
Potions
 d - 2 potions of might
 e - 2 potions of heal wounds {unknown}
 i - 4 potions of curing {unknown}
 n - a potion of brilliance {unknown}
 o - a potion of ambrosia {unknown}


   Skills:
 * Level 5.2 Fighting
 * Level 3.8 Maces & Flails
 + Level 3.5 Armour
 + Level 1.9 Dodging
 + Level 3.5 Shields


You had 5 spell levels left.
You didn't know any spells.
Your spell library contained the following spells:

 Spells                   Type           Power      Damage    Failure   Level
 Petrify                  Tmut/Erth      0%         N/A       100%        4
 Irradiate                Conj/Tmut      0%         3d14      100%        5
 Sublimation of Blood     Necr           Unusable   N/A       N/A         2

Dungeon Overview and Level Annotations

Branches:
Dungeon (4/15)
 Temple: D:4-7

Altars:
Ashenzari
Cheibriados
Fedhas
Uskayaw


Innate Abilities, Weirdness & Mutations

You thrive by killing the living.
You are immune to poison.
You have sharp fingernails.
Your flesh is cold resistant. (rC+)
You are immune to negative energy. (rN+++)
You do not regenerate when monsters are visible.
You are immune to unholy pain and torment.


Message History

There is an open door here.
There is a dry fountain here.
q - a ring of wizardry You now have 154 gold pieces (gained 7). 2 gnolls come into view.
Found 18 gold pieces.
Found a stone staircase leading down.
The gnoll shouts! x2
An ogre comes into view. It is wielding a +0 giant club.
A gnoll comes into view. It is wielding a +0 whip.
There are monsters nearby!
There are monsters nearby!
There are monsters nearby!
Found a leather armour.
The gnoll shouts!
The ogre shouts!
You hear a shout!
A necrophage comes into view.
You feel very mighty all of a sudden. The gnoll barely misses you.
You whack the gnoll!
The gnoll is almost dead.
The gnoll misses you.
You whack the gnoll!
You kill the gnoll!
Fedhas appreciates your contribution to the ecosystem.
You hit the ogre.
The ogre is lightly wounded.
The ogre hits you but does no damage.
You completely miss the ogre.
The ogre is lightly wounded.
The ogre hits you with a +0 giant club!!
You completely miss the ogre.
The ogre is lightly wounded.
The ogre hits you with a +0 giant club!!
* * * LOW HITPOINT WARNING * * *
You whack the ogre!
The ogre is moderately wounded.
You hit the ogre.
The ogre is heavily wounded.
The ogre hits you with a +0 giant club!!
You die...
Fedhas appreciates your contribution to the ecosystem.

#..#...#..####.#.#.#≈≈≈≈≈≈≈≈≈#
...#...#.........#.#⌠≈≈###≈≈⌠#
####....##..##.###.##### #####
#⌠.##+##.⌠#..#..##..
#.........#.....####
##.......#####..#
.#...........#.## .##
.'..._...+.(.#.####.....
.#...........#..@Ong..#
##.......###.#.####g.$#
#.........# ...# ..#
.⌠.##+##.⌠#.[### # #### .##..
...# ... #..# ... ##.# ... ...


You could see an ogre, a necrophage and 2 gnolls.

Vanquished Creatures
  Grinder (D:3)
  An ogre (D:3)
  A hound (D:3)
  4 gnolls
  2 adders (D:2)
  2 worms
  2 orcs
  3 ball pythons
  6 endoplasms
  6 giant cockroaches
  5 goblins
  7 hobgoblins
  5 kobolds
  7 bats
  4 frilled lizards
  4 rats
60 creatures vanquished.

Notes
Turn   | Place    | Note
-------+----------+-------------------------------------------
     0 | D:1      | HallandMoats the Ghoul Fighter began the quest for the Orb.
     0 | D:1      | Reached XP level 1. HP: 19/19 MP: 0/0
   166 | D:1      | Reached XP level 2. HP: 17/26 MP: 1/1
   627 | D:1      | Reached XP level 3. HP: 28/33 MP: 2/2
  1519 | D:2      | Found a faded altar of an unknown god.
  1574 | D:2      | Reached skill level 4 in Fighting
  1574 | D:2      | Reached XP level 4. HP: 39/40 MP: 3/3
  1589 | D:2      | Prayed at the altar of an unknown god.
  1589 | D:2      | Became a worshipper of Fedhas Madash
  1589 | D:2      | Reached * piety under Fedhas
  1781 | D:3      | Noticed Grinder
  1781 | D:3      | Paralysed by Grinder for 3 turns
  1783 | D:3      | Noticed an ogre
  1804 | D:3      | Killed Grinder
  1805 | D:3      | Reached skill level 1 in Dodging
  1805 | D:3      | Reached XP level 5. HP: 31/47 MP: 4/4
  1805 | D:3      | Reached XP level 6. HP: 36/55 MP: 5/5
  1808 | D:3      | Reached skill level 5 in Fighting
  2672 | D:3      | Found a hide-covered altar of Uskayaw.
  3023 | D:4      | Found a snail-covered altar of Cheibriados.
  3155 | D:4      | Found a broken altar of Ashenzari.
  3254 | D:4      | Noticed a necrophage
  3263 | D:4      | Mangled by an ogre

Illustrated notes

Levels and vault maps discovered:
D:1:      dpeg_arrival_orchard, layout_loops_ring
D:2:      layout_basic, hellmonk_ecumenical_altar_run_dry, serial_park_tiny_1,
          dk_vineyard_3
D:3:      layout_loops_ring, mainiacjoe_overflow_tiny_flanked, uniq_grinder
D:4:      layout_loops_ring, evilmike_ruin_ashenzari, cheibrodos_worm_habitat,
          gammafunk_temple_overflow_statue, lemuel_coloured_pillars_altar,
          minmay_shop_grid_forest, amcnicky_mini_pool_small

Skill      XL: |  1  2  3  4  5  6 |
---------------+-------------------+-----
Maces & Flails | 2 3 |  3.8
Fighting       | 4 5 |  5.2
Armour         | 3 |  3.5
Dodging        | 1 |  1.9
Shields        | 3 |  3.5

Action                   |  1- 3 |  4- 6 || total
-------------------------+-------+-------++-------
Melee: Flail             |    36 |       ||    36
       Whip              |   130 |   157 ||   287
  Use: Potion            |       |     2 ||     2
Armor: Scale mail        |    79 |    49 ||   128
Dodge: Dodged            |    86 |    48 ||   134
Block: Buckler           |    35 |    27 ||    62

Table legend: (Time is in decaauts)
 A = Elapsed time spent in this place.
 B = Non-inter-level travel time spent in this place.
 C = Inter-level travel time spent in this place.
 D = Time resting spent in this place.
 E = Time spent auto-exploring this place.
 F = Levels seen in this place.
 G = Mean time per level.
                   A        B        C        D        E       F      G
               +--------+--------+--------+--------+--------+-----+--------+
         Total |   3285 |   3161 |    124 |    179 |   2322 |   4 |  821.2 |
       Dungeon |   3285 |   3161 |    124 |    179 |   2322 |   4 |  821.2 |
               +--------+--------+--------+--------+--------+-----+--------+

Top non-repeatable levels by time:
     D:3: 1175 daAuts
     D:1: 980 daAuts
     D:2: 815 daAuts
     D:4: 313 daAuts
